 Dungeon Crawl Stone Soup version 0.27.1-34-g3ba077fa99 (webtiles) character file.

Game seed: 17084322848553989082

734 Fek the Spear-Bearer (level 7, -1/84 HPs)
             Began as a Merfolk Berserker on Feb 6, 2022.
             Was a Priest of Trog.
             Slain by a centaur zombie (2 damage)
             ... on level 5 of the Dungeon.
             The game lasted 00:08:50 (5580 turns).

Fek the Spear-Bearer (Merfolk Berserker)            Turns: 5580, Time: 00:08:51

Health: -1/84      AC:  3    Str: 20    XL:     7   Next: 74%
Magic:  7/7        EV: 13    Int:  6    God:    Trog [***...]
Gold:   188        SH:  0    Dex: 13    Spells: 6/6 levels left

rFire    . . .     SeeInvis .   a - +0 spear
rCold    + . .     Faith    .   (no shield)
rNeg     . . .     Spirit   .   j - +0 leather armour {rC+}
rPois    .         Reflect  .   (no helmet)
rElec    .         Harm     .   (no cloak)
rCorr    .         Rampage  .   (no gloves)
Will     +....                  (no boots)
Stlth    ..........             (no amulet)
HPRegen  0.24/turn              h - ring of willpower
MPRegen  0.10/turn              (no ring)

@: berserking (expiring), very quick
A: (nimble swimmer 2), mertail
a: Renounce Religion, Berserk, Trog's Hand


You were on level 5 of the Dungeon.
You worshipped Trog.
Trog was most pleased with you.
You visited 1 branch of the dungeon, and saw 5 of its levels.

You collected 188 gold pieces.

Inventory:

Hand Weapons
 a - a +0 spear (weapon)
 q - a +0 glaive
Armour
 b - a +0 animal skin
 j - a +0 leather armour of cold resistance (worn)
Jewellery
 h - a ring of willpower (left hand)
Scrolls
 d - 2 scrolls of blinking {unknown}
 f - a scroll of identify {unknown}
 n - a scroll of fog {unknown}
 r - a scroll of teleportation {unknown}
Potions
 c - a potion of attraction {unknown}
 e - a potion of cancellation {unknown}
 g - a potion of mutation {unknown}
 i - a potion of ambrosia {unknown}
 k - 2 potions of brilliance {unknown}
 l - a potion of might {unknown}
 m - 3 potions of curing {unknown}
 o - a potion of haste {unknown}
 p - 2 potions of berserk rage {unknown}


   Skills:
 + Level 5.2 Fighting
 + Level 9.1 Polearms
 + Level 2.4 Armour
 + Level 4.3 Dodging
 + Level 3.2 Stealth


You had 6 spell levels left.
You didn't know any spells.
Your spell library was empty.

Dungeon Overview and Level Annotations

Branches:
Dungeon (5/15)
 Temple: D:4-7

Altars:


Innate Abilities, Weirdness & Mutations

((You are quick and stealthy near water. (Stealth+, EV+, Speed+++)))
Your lower body shifts to a powerful aquatic tail in water.


Message History

A worm comes into view.
You barely miss the orc warrior.
The orc warrior is moderately wounded.
You puncture the orc warrior!
The orc warrior is almost dead.
The orc warrior hits you with a +0 hand axe!
* * * LOW HITPOINT WARNING * * *
You hit the orc warrior.
The orc warrior is almost dead.
You hit the orc warrior but do no damage.
The orc warrior is almost dead.
The orc warrior hits you with a +0 hand axe!
* * * LOW HITPOINT WARNING * * *
You puncture the orc warrior!
You kill the orc warrior!
Trog accepts your kill.
Your Polearms skill increases to level 9!
You hit the hound.
The hound is lightly wounded.
You puncture the hound!
The hound is heavily wounded.
The hound bites you.
* * * LOW HITPOINT WARNING * * *
An orc comes into view.
It is wielding a +2 falchion of holy wrath.
You closely miss the hound.
The hound is heavily wounded.
The orc shouts!
The centaur zombie hits you.
* * * LOW HITPOINT WARNING * * *
The centaur zombie kicks you but does no damage.
The hound bites you.
* * * LOW HITPOINT WARNING * * *
You closely miss the hound.
The hound is heavily wounded.
You closely miss the hound.
The hound is heavily wounded.
The hound bites you.
* * * LOW HITPOINT WARNING * * *
The centaur zombie hits you.
You die...

#..# # #..##.# . ....#.
.. .... ... ...# ....
#..#..##. #
#####......). ..#
#######.@ho..#.
....#......Z###o....!..
###...#####......w.###.
.......)..............
.#########.#####.......
#.# ....... #.# #..####
#####.# ... ##.....#


You could see a worm, a hound, 2 orcs and a centaur zombie.

Vanquished Creatures
  Sigmund (D:3)
  An orc warrior (D:5)
  Blork the orc (D:4)
  A water moccasin skeleton (D:4)
  A hound (D:4)
  3 orc priests
  A centaur skeleton (D:3)
  An orc wizard (D:4)
  11 adders
  An ufetubus (D:2)
  18 orcs
  9 ball pythons
  3 bats
  6 endoplasms
  2 giant cockroaches
  7 hobgoblins
  5 jackals
  5 kobolds
  4 quokkas
  4 frilled lizards (D:2)
  9 goblins
  4 rats
98 creatures vanquished.

Vanquished Creatures (others)
  A minotaur (D:1)
  A draconian (D:1)
  2 octopodes (D:1)
  A djinni (D:1)
  A vine stalker (D:1)
  3 elves (D:1)
  A merfolk (D:1)
  A vampire (D:1)
  A naga (D:1)
  2 gnolls (D:1)
  An orc (D:1)
  5 tentacles (D:1)
20 creatures vanquished.

Grand Total: 118 creatures vanquished

Notes
Turn   | Place    | Note
-------+----------+-------------------------------------------
     0 | D:1      | Fek the Merfolk Berserker began the quest for the Orb.
     0 | D:1      | Reached XP level 1. HP: 18/18 MP: 1/1
     2 | D:1      | Noticed an octopode
     2 | D:1      | Noticed a djinni
     2 | D:1      | Noticed a naga
     2 | D:1      | Noticed a minotaur
     2 | D:1      | Noticed a draconian
     2 | D:1      | Noticed a kraken
     2 | D:1      | Noticed a vampire
     2 | D:1      | Noticed an elf
     2 | D:1      | Noticed an elf
     2 | D:1      | Noticed an elf
     2 | D:1      | Noticed a merfolk
     2 | D:1      | Noticed a vine stalker
     2 | D:1      | Noticed an octopode
     3 | D:1      | Killed an elf
     3 | D:1      | Killed an elf
     4 | D:1      | Killed an elf
    10 | D:1      | Killed a draconian
    11 | D:1      | Killed a merfolk
    13 | D:1      | Killed a vine stalker
    14 | D:1      | Killed a djinni
    16 | D:1      | Killed an octopode
    17 | D:1      | Killed an octopode
    19 | D:1      | Killed a vampire
    20 | D:1      | Killed a naga
    20 | D:1      | Killed a minotaur
   359 | D:1      | Reached XP level 2. HP: 24/24 MP: 2/2
   610 | D:1      | Reached skill level 5 in Polearms
  1223 | D:2      | Reached XP level 3. HP: 28/30 MP: 3/3
  1868 | D:2      | Reached ** piety under Trog
  1961 | D:2      | Reached skill level 1 in Stealth
  2059 | D:2      | Reached XP level 4. HP: 37/37 MP: 4/4
  2330 | D:2      | Reached skill level 6 in Polearms
  2573 | D:2      | Found a faded altar of an unknown god.
  2961 | D:3      | Reached XP level 5. HP: 28/42 MP: 5/5
  3382 | D:3      | Noticed Sigmund
  3404 | D:3      | Killed Sigmund
  3405 | D:3      | Reached skill level 7 in Polearms
  3405 | D:3      | Reached XP level 6. HP: 20/49 MP: 6/6
  4266 | D:4      | Reached skill level 8 in Polearms
  4291 | D:4      | Noticed Blork the orc
  4315 | D:4      | Killed Blork the orc
  4316 | D:4      | Reached XP level 7. HP: 25/55 MP: 7/7
  4841 | D:4      | Reached *** piety under Trog
  4975 | D:4      | Reached skill level 5 in Fighting
  5447 | D:5      | Entered Level 5 of the Dungeon
  5576 | D:5      | Reached skill level 9 in Polearms
  5578 | D:5      | HP: 3/84 [hound (4)]
  5580 | D:5      | HP: 1/84 [hound (2)]
  5580 | D:5      | Slain by a centaur zombie

Illustrated notes

Levels and vault maps discovered:
D:1:      nicolae_arrival_kraken_aquarium_b, layout_basic,
          grunt_decor_arrowhead, hangedman_decor_clover_reticule
D:2:      layout_basic, chequers_ecumenical_altar_grove, minmay_pentomino_o2
D:3:      layout_basic, uniq_sigmund
D:4:      layout_basic, uniq_blork_the_orc
D:5:      layout_rooms, minitemple, gammafunk_ghost_cemetery, amethyst_killhole

Skill      XL: |  1  2  3  4  5  6  7 |
---------------+----------------------+-----
Polearms       | 5 6 7 8 9 |  9.1
Dodging        | 3 4 |  4.3
Fighting       | 4 5 |  5.2
Stealth        | 1 2 3 |  3.2
Armour         | 2 |  2.4

Action                   |  1- 3 |  4- 6 |  7- 9 || total
-------------------------+-------+-------+-------++-------
Melee: Spear             |   139 |   203 |   120 ||   462
Invok: Berserk           |       |     1 |     3 ||     4
 Stab: Sleeping          |     3 |     4 |     1 ||     8
Armor: Animal skin       |    10 |     7 |       ||    17
       Leather armour    |       |    17 |    10 ||    27
Dodge: Dodged            |    69 |    75 |    31 ||   175
